 Dungeon Crawl Stone Soup version 0.22.1-1-ga44c0e56f4 (webtiles) character file.

198 Gunterle the Ducker (level 5, 0/25 HPs)
             Began as a Felid Artificer on Oct 3, 2018.
             Slain by an orc wizard
             ... wielding a +2 dagger of freezing
              (1 damage)
             ... on level 5 of the Dungeon.
             The game lasted 00:20:11 (7177 turns).

Gunterle the Ducker (Felid Artificer)               Turns: 7177, Time: 00:20:12

Health: 0/25       AC:  2    Str:  9    XL:     5   Next: 47%
Magic:  9/9        EV: 21    Int: 14    God:
Gold:   313        SH:  0    Dex: 16    Spells: 4/4 levels left
                                        Lives:  0   Deaths: 2

rFire    . . .     SeeInvis +     - Unarmed
rCold    . . .     Gourm    .   (shield unavailable)
rNeg     . . .     Faith    .   (armour unavailable)
rPois    .         Spirit   .   (helmet unavailable)
rElec    .         Reflect  .   (cloak unavailable)
rCorr    .         Harm     .   (gloves unavailable)
MR       +....                  (boots unavailable)
Stlth    ++++......             (no amulet)
HPRegen  0.08/turn              m - ring of stealth
MPRegen  0.11/turn              n - ring of protection from magic

@: quick
A: very small, no armour, no weapons or thrown items, stealth, claws 1, fangs 3,
see invisible, carnivore, speed 1, shaggy fur 2, slow metabolism 1, sharp paws
a: no special abilities


You were on level 5 of the Dungeon.
You were not hungry.

You visited 1 branch of the dungeon, and saw 5 of its levels.

You collected 313 gold pieces.

Inventory:

Jewellery
 m - a ring of stealth (left paw)
 n - a ring of protection from magic (right paw)
Wands
 a - a wand of flame (9)
 b - a wand of enslavement (16)
 c - a wand of random effects (33)
 y - a wand of scattershot (4)
Scrolls
 e - a scroll of identify
 f - a scroll of remove curse
 h - 2 scrolls of fear
 i - a scroll of enchant weapon
 o - a scroll of fog
 p - a scroll of amnesia
 q - a scroll of random uselessness
 r - 2 scrolls of teleportation {unknown}
 s - a scroll of noise {unknown}
 v - a scroll of blinking {unknown}
 z - a scroll of vulnerability {unknown}
Potions
 g - 2 potions of heal wounds
 j - 4 potions of cancellation
 k - 3 potions of might
 l - a potion of resistance
 t - a potion of lignification
 u - a potion of ambrosia {unknown}
 w - a potion of magic {unknown}
 x - a potion of flight {unknown}
Comestibles
 d - 8 rations


   Skills:
 + Level 3.7 Fighting
 + Level 5.4 Dodging
 + Level 5.4 Stealth
 + Level 3.6 Unarmed Combat
 + Level 5.2 Evocations


You had 4 spell levels left.
You didn't know any spells.
Your spell library was empty.

Dungeon Overview and Level Annotations

Branches:
Dungeon (5/15)             Temple (0/1) D:5

Altars:
Cheibriados
Elyvilon
Fedhas
Gozag
Uskayaw
Vehumet


Innate Abilities, Weirdness & Mutations

You cannot wear armour.
You are incapable of wielding weapons or throwing items.
Your paws allow you to move quietly. (Stealth)
You have sharp claws.
You have razor-sharp teeth.
You have supernaturally acute eyesight. (SInv)
You are carnivorous and can eat meat at any time.
You cover ground quickly.
You are covered in thick fur. (AC +2)
You have a slow metabolism.
Your sharp claws are effective at attacking unaware monsters.


Message History

The orc wizard blinks!
The orc completely misses you. The orc wizard barely misses you.
The orc misses you.
The orc wizard points at you and mumbles some strange words.
The magic dart hits you! The orc wizard completely misses you.
The orc hits you from afar with a trident.
The orc wizard casts a spell at you. The puff of flame misses you.
The orc misses you. The orc wizard completely misses you.
The orc wizard looks encouraged for a moment.
The orc barely misses you. The orc wizard misses you.
The orc wizard hits you with a dagger.
* * * LOW HITPOINT WARNING * * *
The orc hits you from afar with a trident.
* * * LOW HITPOINT WARNING * * *
The orc wizard hits you with a dagger of freezing.
* * * LOW HITPOINT WARNING * * *
The orc wizard freezes you.
You die...

########## #.oo.†...#########
#)######.#.......#######
.............#.#.#####........
#######.####.#.#.#......#####.
#.# #.....#.#..###### #..
#.....#.#........
############.o...#.#.######.
#...........@o...#.#......# #
#.###########....#.#..#...# #
#.# #o........##### # #.#
##............# # #.#
#........###.#.# #.#
#......### #.#.# #.# #....###
#.#.# #####'#####
#############.#.# ......(...#
#.............#.#


You could see 2 orc wizards and an orc.

Vanquished Creatures
  An ice beast (D:5)
  2 ogres (D:4)
  A phantom (D:5)
  A crimson imp (D:5)
  A hound (D:3)
  2 orc wizards
  A centaur skeleton (D:5)
  An orc priest (D:5)
  Terence (D:2)
  A hound skeleton (D:4)
  3 adders
  An adder skeleton (D:4)
  4 worms
  A dart slug (D:2)
  2 leopard geckos
  7 orcs
  11 bats
  5 giant cockroaches
  7 goblins
  7 hobgoblins
  3 jackals (D:5)
  A quokka (D:2)
  4 ball pythons
  5 frilled lizards
  8 kobolds
  5 rats
86 creatures vanquished.

Vanquished Creatures (collateral kills)
  Ijyb (D:4)
  2 dart slugs
  2 orcs (D:3)
  A bat (D:1)
  A rat (D:1)
7 creatures vanquished.

Vanquished Creatures (others)
  An ice beast (D:5)
  3 orcs
4 creatures vanquished.

Grand Total: 97 creatures vanquished

Notes
Turn   | Place    | Note
-------+----------+-------------------------------------------
     0 | D:1      | Gunterle the Felid Artificer began the quest for the Orb.
     0 | D:1      | Reached XP level 1. HP: 9/9 MP: 4/4
   699 | D:1      | Reached XP level 2. HP: 10/12 MP: 5/5
  1782 | D:2      | Reached XP level 3. HP: 15/15 MP: 6/6
  1827 | D:2      | Noticed Terence
  1894 | D:2      | Killed Terence
  1894 | D:2      | Reached XP level 4. HP: 4/19 MP: 7/7
  3324 | D:3      | Reached XP level 5. HP: 21/23 MP: 9/9
  3544 | D:3      | Found a hide-covered altar of Uskayaw.
  4989 | D:4      | Noticed an ogre
  5012 | D:4      | Killed an ogre
  5270 | D:4      | Found a snail-covered altar of Cheibriados.
  5307 | D:4      | Gained mutation: You are covered in thick fur. (AC +2)
                  | [Felid growth]
  5307 | D:4      | Reached XP level 6. HP: 19/27 MP: 10/10
  5401 | D:4      | Found an opulent altar of Gozag.
  5681 | D:4      | Noticed Ijyb
  5688 | D:4      | Killed Ijyb
  6064 | D:5      | Entered Level 5 of the Dungeon
  6205 | D:5      | Noticed an ice beast
  6216 | D:5      | Killed an ice beast
  6265 | D:5      | Reached skill level 5 in Dodging
  6265 | D:5      | Reached XP level 7. HP: 23/31 MP: 11/11
  6371 | D:5      | Reached skill level 5 in Stealth
  6371 | D:5      | Reached skill level 5 in Evocations
  6589 | D:5      | Killed from afar by an orc wizard
  6590 | D:5      | Reached XP level 6. HP: 0/28 MP: 10/10
  6597 | D:5      | Found a radiant altar of Vehumet.
  6860 | D:5      | Found a white marble altar of Elyvilon.
  6961 | D:5      | HP: 1/28 [crimson imp (1)]
  6970 | D:5      | Slain by a crimson imp
  6971 | D:5      | Reached XP level 5. HP: -3/25 MP: 9/9
  6974 | D:5      | Found a blossoming altar of Fedhas.
  7102 | D:5      | Found a staircase to the Ecumenical Temple.
  7177 | D:5      | HP: 1/25 [orc wizard/dagger of freezing (1)]
  7177 | D:5      | Slain by an orc wizard

Skill      XL: |  1  2  3  4  5  6  7 |
---------------+----------------------+-----
Dodging        | 3 4 5 |  5.4
Stealth        | 2 3 4 5 |  5.4
Fighting       | 2 3 |  3.7
Unarmed Combat | 2 3 |  3.6
Evocations     | 4 5 |  5.2

Action                   |  1- 3 |  4- 6 |  7- 9 || total
-------------------------+-------+-------+-------++-------
Melee: Unarmed           |    80 |   192 |    17 ||   289
       Bite              |     4 |    19 |     2 ||    25
       Punch             |     1 |       |     1 ||     2
Evoke: Wand              |     8 |    19 |     2 ||    29
  Use: Scroll            |     2 |     9 |       ||    11
 Stab: Sleeping          |     8 |    15 |     3 ||    26
       Paralysed         |       |     2 |       ||     2
       Distracted        |       |     1 |       ||     1
  Eat: Chunk             |     9 |     9 |       ||    18
Armor: Skin              |     8 |    25 |     2 ||    35
Dodge: Dodged            |   120 |   300 |    14 ||   434
